AoeStats
← 小飞机

QS Arena

503564172Analyzed
4v4 RM · 29d ago on Sep 1, 2026· 44m 18s· 8 players
Game mode
Random Map
Map size
Large (8 player)
Population
200
Speed
Normal
Resources
Standard
Victory
Conquest
Starting age
Dark Age
Ending age
Imperial Age
RankedLock teamsTeams togetherTeam positionsShared explorationLock speedFull tech treeHidden civsTurbo modeCheats
Victory
Defeat
🇲🇽 Goths · Mexico
730
+15
🇪🇬 Saracens · Egypt
673
+17
🇧🇪 Persians · Belgium
615
+20
🇵🇱 Teutons · Poland
613
+20
🇨🇳 Huns · China
729
-50
🇩🇪 Slavs · Germany
720
-19
🇨🇳 Vietnamese · China
698
-18
674
-17
Silver
0:29 Loom
8:24 Feudal Age
9:04 Double-Bit Axe
9:01 Horse Collar
10:53 Gold Mining
11:01 Stone Mining
12:49 Wheelbarrow
18:00 Castle Age
18:45 Heavy Plow
18:59 Bow Saw
25:47 Imperial Age
25:25 Forging
27:31 Conscription
27:18 Squires
28:44 Iron Casting
28:12 Scale Mail Armor
28:36 Murder Holes
29:03 Ballistics
30:23 Two-Man Saw
30:44 Blast Furnace
30:51 Chemistry
30:34 Crop Rotation
30:29 Pikeman
32:26 Anarchy
32:30 Perfusion
34:06 Chain Mail Armor
36:02 Hand Cart
37:35 Caravan
38:25 Fervor
37:53 Elite Huskarl
cartofel22
2:02 Loom
9:44 Feudal Age
16:52 Castle Age
15:35 Stone Mining
15:33 Double-Bit Axe
15:34 Horse Collar
17:47 Heavy Plow
20:11 Bow Saw
20:26 Caravan
24:18 Coinage
29:39 Imperial Age
27:28 Gold Mining
28:50 Ballistics
29:30 Wheelbarrow
31:02 Conscription
31:55 Chemistry
31:08 Fortified Wall
31:46 Ironclad
31:48 Squires
32:12 Elite Skirmisher
33:57 Hoardings
33:17 Fletching
34:28 Hand Cart
34:11 Bodkin Arrow
35:55 Crenellations
36:43 Banking
36:47 Crop Rotation
37:54 Fervor
38:06 Sanctity
38:50 Two-Man Saw
38:03 Forging
37:53 Scale Mail Armor
37:54 Padded Archer Armor
38:00 Scale Barding Armor
39:00 Guilds
39:09 Siege Engineers
39:38 Elite Teutonic Knight
41:57 Iron Casting
41:38 Chain Mail Armor
41:38 Leather Archer Armor
42:16 Town Watch
42:56 Chain Barding Armor
43:05 Redemption
43:59 Blast Furnace
43:57 Bloodlines
43:08 Cavalier
44:53 Town Patrol
mightpath
3:10 Loom
9:01 Feudal Age
9:42 Horse Collar
9:49 Double-Bit Axe
17:28 Castle Age
16:11 Stone Mining
18:44 Bow Saw
18:36 Heavy Plow
23:16 Gold Mining
26:14 Gold Shaft Mining
30:15 Wheelbarrow
29:26 Town Watch
34:38 Imperial Age
32:27 Hand Cart
32:16 Town Patrol
33:06 Bloodlines
32:56 Husbandry
33:11 Forging
35:21 Iron Casting
34:52 Scale Barding Armor
34:38 Fletching
34:46 Heavy Camel Rider
36:19 Treadmill Crane
38:42 Blast Furnace
38:03 Chain Barding Armor
37:39 Bodkin Arrow
38:57 Conscription
39:30 Hoardings
39:07 Counterweights
41:35 Murder Holes
42:01 Ballistics
42:41 Chemistry
41:52 Masonry
41:48 Siege Engineers
41:54 Fortified Wall
41:49 Bracer
42:25 Plate Barding Armor
41:53 Padded Archer Armor
41:58 Herbal Medicine
41:42 Crossbowman
42:27 Thumb Ring
42:52 Arbalester
AlarmingSquid25
1:05 Loom
11:12 Feudal Age
17:43 Castle Age
15:47 Double-Bit Axe
15:44 Horse Collar
15:57 Stone Mining
16:04 Gold Mining
17:26 Wheelbarrow
16:47 Town Watch
19:14 Heavy Plow
19:28 Bow Saw
19:57 Gold Shaft Mining
28:10 Imperial Age
25:55 Fletching
26:16 Thumb Ring
27:45 Kamandaran
27:33 Crossbowman
29:02 Bodkin Arrow
29:08 Padded Archer Armor
29:33 Ballistics
31:08 Leather Archer Armor
31:07 Masonry
32:25 Chemistry
34:06 Conscription
36:48 Two-Man Saw
36:50 Crop Rotation
36:38 Hand Cart
36:32 Town Patrol
36:37 Scale Mail Armor
42:45 Ring Archer Armor
42:26 Forging
42:22 Scale Barding Armor
44:19 Hoardings
43:12 Elite War Elephant
Strietzel1895
0:37 Loom
10:27 Feudal Age
11:47 Wheelbarrow
10:58 Town Watch
11:06 Double-Bit Axe
14:41 Horse Collar
21:12 Castle Age
19:32 Stone Mining
19:36 Gold Mining
19:56 Fletching
22:57 Hand Cart
22:43 Town Patrol
23:02 Bow Saw
23:07 Heavy Plow
22:46 Elite Skirmisher
26:03 Gold Shaft Mining
26:15 Bloodlines
26:11 Scale Mail Armor
25:40 Pikeman
26:21 Squires
27:46 Bodkin Arrow
28:13 Husbandry
29:17 Ballistics
34:17 Imperial Age
31:23 Light Cavalry
32:47 Fortified Wall
33:55 Padded Archer Armor
35:22 Leather Archer Armor
35:25 Imperial Skirmisher
35:49 Halberdier
38:56 Ring Archer Armor
38:49 Guard Tower
40:33 Forging
2012561215
9:08 Feudal Age
14:16 Castle Age
13:35 Horse Collar
13:42 Double-Bit Axe
23:42 Heavy Plow
23:59 Bow Saw
24:17 Gold Mining
24:18 Stone Mining
24:26 Stone Mining
25:50 Stone Shaft Mining
29:55 Imperial Age
28:11 Fletching
28:21 Padded Archer Armor
29:04 Wheelbarrow
29:21 Bodkin Arrow
30:45 Leather Archer Armor
31:08 Crop Rotation
31:40 Two-Man Saw
30:44 Bracer
31:34 Elite Rattan Archer
34:27 Chemistry
33:48 Ballistics
34:10 Paper Money
41:21 Man-at-Arms
42:05 Long Swordsman
43:48 Two-Handed Swordsman
不穿内裤真龙不被束缚
0:31 Loom
9:46 Feudal Age
10:07 Horse Collar
15:25 Castle Age
15:15 Double-Bit Axe
15:36 Stone Mining
18:12 Bow Saw
22:03 Heavy Plow
21:59 Gold Mining
22:45 Stone Shaft Mining
30:05 Husbandry
30:15 Bloodlines
29:26 Light Cavalry
29:54 Arson
30:10 Squires
29:55 Gambesons
29:31 Pikeman
34:04 Imperial Age
32:42 Padded Archer Armor
32:48 Scale Barding Armor
32:54 Forging
35:14 Elite Conquistador
37:31 Capped Ram
40:18 Chain Barding Armor
40:15 Leather Archer Armor
40:36 Iron Casting
40:22 Halberdier
45:36 Blast Furnace
小飞机
12:16 Feudal Age
13:33 Wheelbarrow
20:45 Castle Age
21:07 Gold Mining
21:27 Stone Mining
23:29 Gold Shaft Mining
24:32 Hand Cart
30:35 Imperial Age
28:30 Husbandry
30:15 Bloodlines
30:49 Cavalier
31:52 Scale Barding Armor
32:05 Forging
32:41 Conscription
34:44 Paladin
40:17 Chain Barding Armor
Connection lost

Rejoining the realm…

Still unreachable

The connection could not be restored.

Session expired

The server has moved on; the page needs a fresh start.